 Dungeon Crawl Stone Soup version 0.24-a0-416-g56ce5178b7 (webtiles) character file.

Game seed: 12712968866165973937

223 MachJacob the Chucker (level 6, -3/62 HPs)
             Began as an Ogre Arcane Marksman on June 9, 2019.
             Engulfed by a cloud of flame (9 damage)
             ... on level 4 of the Dungeon.
             The game lasted 00:13:21 (5875 turns).

MachJacob the Chucker (Ogre Arcane Marksman)        Turns: 5875, Time: 00:13:21

Health: -3/62      AC:  3    Str: 15    XL:     6   Next: 0%
Magic:  9/9        EV: 10    Int: 14    God:
Gold:   131        SH:  0    Dex: 11    Spells: 5/10 levels left

rFire    . . .     SeeInvis .   e - +1 short sword
rCold    . . .     Gourm    .   (no shield)
rNeg     . . .     Faith    .   a - +0 robe
rPois    +         Spirit   .   (helmet restricted)
rElec    .         Reflect  .   (no cloak)
rCorr    .         Harm     .   (gloves unavailable)
MR       .....                  (boots unavailable)
Stlth    +.........             (no amulet)
HPRegen  0.20/turn              r - ring of poison resistance
MPRegen  0.11/turn              g - ring of wizardry

@: no status effects
A: large, unfitting armour, tough skin 1
a: no special abilities


You were on level 4 of the Dungeon.
You were not hungry.

You visited 1 branch of the dungeon, and saw 4 of its levels.

You collected 131 gold pieces.

Inventory:

Hand Weapons
 e - a +1 short sword (weapon)
Missiles
 c - 4 large rocks
 d - 2 throwing nets {!f}
 h - a boomerang of dispersal
 n - 67 stones
 v - 2 boomerangs (quivered)
Armour
 a - a +0 robe (worn)
Jewellery
 g - a ring of wizardry (right hand)
 r - a ring of poison resistance (left hand)
Scrolls
 j - 3 scrolls of teleportation
 m - a scroll of remove curse
 p - a scroll of identify
 q - 2 scrolls of enchant weapon
Potions
 b - 2 potions of curing {unknown}
 i - a potion of haste {unknown}
 k - a potion of magic
 l - 2 potions of might
 o - 3 potions of resistance
 u - a potion of flight {unknown}
Comestibles
 f - 11 rations


   Skills:
 + Level 3.8 Fighting
 * Level 4.5 Throwing
 - Level 1.7 Dodging
 * Level 2.6 Spellcasting
 - Level 3.0 Hexes


You had 5 spell levels left.
You knew the following spells:

 Your Spells              Type           Power        Failure   Level  Hunger
a - Corona                Hex            ##.....      2%          1    #......
b - Cause Fear            Hex            ##........   26%         4    #####..

Your spell library contained the following spells:

 Spells                   Type           Power        Failure   Level  Hunger
 Slow                     Hex            ##......     4%          2    ###....
 Inner Flame              Hex/Fire       #.......     16%         3    ###....
 Portal Projectile        Hex/Tloc       #.....       16%         3    ###....
 Leda's Liquefaction      Hex/Erth       #.........   43%         4    #####..


Dungeon Overview and Level Annotations

Branches:
Dungeon (4/15)
 Temple: D:4-7

Altars:
Xom

Annotations:
D:3 Ijyb


Innate Abilities, Weirdness & Mutations

You are too large for most types of armour.
You have tough skin. (AC +1)


Message History

It was a scroll of immolation.
You miss the leopard gecko.
The leopard gecko bites you but does no damage.
A worker ant comes into view.
The leopard gecko closely misses you.
You closely miss the leopard gecko.
The worker ant twitches its antennae in your direction.
The leopard gecko barely misses you.
You miss the leopard gecko. The leopard gecko closely misses you.
You hit the leopard gecko.
The leopard gecko explodes!
The fiery explosion engulfs you!!
You have reached level 6!
Your experience leads to an increase in your attributes!
Increase (S)trength, (I)ntelligence, or (D)exterity?
You feel agile.
You feel stronger.
You are engulfed in blazing flames.
* * * LOW HITPOINT WARNING * * *
You are engulfed in blazing flames.
You die...

#######
.##.....##
.........###
......$....#
...........#
...........#
.....a.@§..#
......§.§..#
......§§§..#
..?.....%..#
.##..........
##...##.###.
...# .# #
###. .#


You could see a worker ant.

Vanquished Creatures
  A howler monkey (D:1)
  A hound (D:2)
  An orc priest (D:3)
  A gnoll (D:1)
  5 adders (D:2 D:3)
  A worm (D:2)
  4 dart slugs (D:1 D:2 D:3)
  3 leopard geckos (D:2 D:4)
  4 orcs (D:3)
  A ball python (D:1)
  A giant cockroach (D:3)
  3 goblins (D:3)
  6 hobgoblins (D:1 D:2)
  8 bats (D:1 D:2 D:3)
  6 frilled lizards (D:1 D:2)
  7 kobolds (D:1 D:2 D:3)
  11 rats (D:1 D:3)
64 creatures vanquished.

Notes
Turn   | Place    | Note
-------+----------+-------------------------------------------
     0 | D:1      | MachJacob the Ogre Arcane Marksman began the quest for the
                  | Orb.
     0 | D:1      | Reached XP level 1. HP: 19/19 MP: 2/2
   544 | D:1      | Reached XP level 2. HP: 13/28 MP: 4/4
  1431 | D:1      | Reached XP level 3. HP: 30/35 MP: 5/5
  2651 | D:2      | Found an iron altar of Okawaru.
  2653 | D:2      | Found a stormy altar of Qazlal.
  2653 | D:2      | Found a shadowy altar of Dithmenos.
  2655 | D:2      | Found a shimmering altar of Xom.
  2655 | D:2      | Found a blossoming altar of Fedhas.
  2655 | D:2      | Found a radiant altar of Vehumet.
  2665 | D:2      | Reached skill level 3 in Throwing
  2675 | D:1      | Reached XP level 4. HP: 15/44 MP: 7/7
  3228 | D:2      | Reached XP level 5. HP: 24/53 MP: 8/8
  3471 | D:2      | Reached skill level 4 in Throwing
  4940 | D:3      | Learned a level 4 spell: Cause Fear
  5329 | D:3      | Noticed Ijyb
  5874 | D:4      | Reached XP level 6. HP: 33/62 MP: 9/9
  5875 | D:4      | Engulfed by a cloud of flame

Levels and vault maps discovered:
D:1:      saegor_arrival_miasma, layout_loops_ring
D:2:      layout_basic, doesnt_xom_only_xom
D:3:      layout_basic, first_ration, uniq_ijyb
D:4:      layout_rooms, chequers_temple_overflow_minitemple,
          overflow_temple_1_default, minmay_temple_entry_sparse_star,
          serial_shops, nicolae_shop_overgrown_old_shop, portal_sewer_entry_a

Skill      XL: |  1  2  3  4  5 |
---------------+----------------+-----
Fighting       | 2 3 |  3.8
Hexes          | 3 |  3.0
Spellcasting   | 2 |  2.6
Throwing       | 3 4 |  4.5
Dodging        | |  1.7

Action                   |  1- 3 |  4- 6 || total
-------------------------+-------+-------++-------
Melee: Unarmed           |    29 |       ||    29
       Short sword       |    57 |    44 ||   101
       Dagger            |   100 |   134 ||   234
Throw: Large rock        |    11 |       ||    11
       Boomerang         |     5 |    37 ||    42
       Stone             |     9 |    68 ||    77
 Cast: Corona            |     5 |     2 ||     7
  Use: Scroll            |       |     9 ||     9
 Stab: Sleeping          |       |     2 ||     2
  Eat: Chunk             |     6 |    10 ||    16
Armor: Robe              |    65 |    68 ||   133
Dodge: Dodged            |   103 |   129 ||   232

Table legend:
 A = Non-vault XP
 B = Vault XP
 C = Vault XP percentage of total XP
 D = Non-vault monster count
 E = Vault monster count
 F = Vault count percentage of total count
                 A         B        C        D         E       F
            +---------+---------+-------+---------+---------+-------
      Total |     319 |       0 |   0.0 |      64 |       0 |   0.0
            +---------+---------+-------+---------+---------+-------
        D:1 |     100 |       0 |   0.0 |      26 |       0 |   0.0
        D:2 |     129 |       0 |   0.0 |      20 |       0 |   0.0
        D:3 |      87 |       0 |   0.0 |      17 |       0 |   0.0
        D:4 |       3 |       0 |   0.0 |       1 |       0 |   0.0
            +---------+---------+-------+---------+---------+-------
